 Dungeon Crawl Stone Soup version 0.22-b1-21-g5cfc168 (webtiles) character file.

35 tyranidshit the Skirmisher (level 3, 0/31 HPs)
             Began as a Demonspawn Abyssal Knight on Aug 2, 2018.
             Was a Follower of Lugonu.
             Succumbed to an adder's poison
             ... on level 2 of the Dungeon.
             The game lasted 00:01:54 (692 turns).

tyranidshit the Skirmisher (DsAK)                    Turns: 692, Time: 00:01:54

Health: 0/31       AC: 11    Str: 12 (13) XL:     3   Next: 16%
Magic:  4/4        EV:  3    Int: 12 (13) God:    Lugonu [*.....]
Gold:   103        SH:  0    Dex: 11 (12) Spells: 2/2 levels left

rFire    . . .     SeeInvis .   a - +1 hand axe
rCold    . . .     Gourm    .   (no shield)
rNeg     . . .     Faith    .   d - +1 plate armour
rPois    .         Spirit   .   (no helmet)
rElec    .         Reflect  .   (no cloak)
rCorr    .         Harm     .   (no gloves)
MR       .....                  (no boots)
Stlth    ..........             (no amulet)
HPRegen  0.10/turn              (no ring)
MPRegen  0.09/turn              (no ring)

@: lethally poisoned (0 -> -7)
A: claws 2
a: Depart the Abyss, Renounce Religion


You were on level 2 of the Dungeon.
You worshipped Lugonu.
Lugonu was aware of your devotion.
You were not hungry.

You visited 1 branch of the dungeon, and saw 2 of its levels.
You visited the Abyss 1 time.

You collected 103 gold pieces.

Inventory:

Hand Weapons
 a - a +1 hand axe (weapon)
Armour
 b - a +0 leather armour
 d - a +1 plate armour (worn)
Scrolls
 f - a scroll of teleportation
 k - 2 scrolls of identify
Comestibles
 c - 2 rations


   Skills:
 + Level 4.3 Fighting
 - Level 1.7 Axes
 - Level 1.7 Armour
 - Level 0.8 Dodging
 - Level 2.4 Invocations


You had 2 spell levels left.
You didn't know any spells.
Your spell library was empty.

Dungeon Overview and Level Annotations

Branches:
Dungeon (2/15)

Altars:


Innate Abilities, Weirdness & Mutations

You have very sharp fingernails.


Message History

The adder bites you.
* * * LOW HITPOINT WARNING * * *
You are more poisoned.
The adder poisons you!
You aren't carrying any potions.
The adder bites you but does no damage.
Found a stone staircase leading down.
* * * LOW HITPOINT WARNING * * *
You feel sick. The adder bites you but does no damage.
The adder barely misses you.
* * * LOW HITPOINT WARNING * * *
You feel sick.
You closely miss the adder.
The adder is lightly wounded.
* * * LOW HITPOINT WARNING * * *
You feel sick.
The adder bites you but does no damage. x3
You hit the adder.
The adder is lightly wounded.
You hit the adder.
You die...

.. ...# .#. ..#
##.#..... #.
#..####........ #.
........#....> #. ...
......... #.# #.#
#........ ####..
#.###@# .....
#.....###..#SS#......
#...........†.......#
#.....<..$........#..
###.........††.......
......................
.#....................
###..................
....................


You could see 2 adders.

Vanquished Creatures
  A dart slug (D:1)
  3 bats
  3 giant cockroaches (D:1)
  3 goblins (D:1)
  2 hobgoblins (D:1)
  4 jackals
  2 frilled lizards (D:2)
  4 kobolds (D:1)
  12 rats (D:1)
34 creatures vanquished.

Vanquished Creatures (others)
  2 starspawn tentacles (Abyss:3)
2 creatures vanquished.

Grand Total: 36 creatures vanquished

Notes
Turn   | Place    | Note
-------+----------+-------------------------------------------
     0 | Abyss:1  | tyranidshit the Demonspawn Abyssal Knight began the quest for the Orb.
     0 | Abyss:1  | Reached XP level 1. HP: 18/18 MP: 2/2
    45 | Abyss:3  | Found a corrupted altar of Lugonu.
    58 | Abyss:3  | Noticed a tentacled starspawn
    67 | Abyss:3  | Noticed a small abomination
    68 | Abyss:3  | Noticed a spatial maelstrom
    69 | D:1      | Escaped the Abyss
   133 | D:1      | Gained mutation: You have sharp fingernails. [demonic ancestry]
   133 | D:1      | Reached XP level 2. HP: 17/24 MP: 3/3
   191 | D:1      | Reached * piety under Lugonu
   309 | D:1      | Reached skill level 4 in Fighting
   495 | D:1      | Gained mutation: You have very sharp fingernails. [demonic ancestry]
   495 | D:1      | Reached XP level 3. HP: 29/30 MP: 4/4
   691 | D:2      | HP: 1/31 [poisoned by an adder]
   692 | D:2      | Succumbed to an adder's poison

Skill      XL: |  1  2 |
---------------+-------+-----
Fighting       | 4 |  4.3
Axes           | |  1.7
Armour         | |  1.7
Dodging        | |  0.8
Invocations    | |  2.4

Action                   || total
-------------------------++-------
Melee: Hand axe          ||    99
Invok: Depart the Abyss  ||     1
  Use: Scroll            ||     3
       Potion            ||     3
Armor: Plate armour      ||   139
Dodge: Dodged            ||    25
